 Dungeon Sprint DCSS version 0.19.1-1-g22dce08 (webtiles) character file.

136 dvd the Slasher (level 4, 0/61 HPs)
             Began as a Demonspawn Berserker on Jan 4, 2017.
             Was a Priest of Trog.
             Slain by a sixfirhy (12 damage)
             ... summoned by a kobold demonologist
             ... in the Dungeon (Sprint III: "The Ten Rune Challenge").
             The game lasted 00:02:00 (475 turns).

dvd the Slasher (Demonspawn Berserker)               Turns: 475, Time: 00:02:01

Health: 0/61       AC:  3    Str: 23    XL:     4   Next: 98%
Magic:  4/4        EV: 13    Int:  8    God:    Trog [***...]
Gold:   17         SH:  0    Dex: 11    Spells: 0 memorised, 3 levels left

rFire  . . .     SeeInvis .     a - +0 falchion
rCold  . . .     Gourm    .     b - +0 animal skin
rNeg   . . .     Faith    .     (no shield)
rPois  .         Spirit   .     (helmet restricted)
rElec  +         Reflect  .     (no cloak)
rCorr  .         Harm     .     e - +0 pair of gloves
MR     .....     Clarity  +     (no boots)
Stlth  .......... NoTele   +    (no amulet)
                                (no ring)
                                (no ring)

@: berserking, very quick
A: antennae 1, clarity, clumsy 1, foul stench 1, electricity resistance, rot
immunity
a: Berserk, Trog's Hand, Burn Spellbooks, Renounce Religion


You were in the Dungeon.
You worshipped Trog.
Trog was most pleased with you.
You were hungry.

You visited 1 branch You collected 17 gold pieces.

Inventory:

Hand Weapons
 a - a +0 falchion (weapon)
Armour
 b - a +0 animal skin (worn)
 e - a +0 pair of gloves (worn)
Scrolls
 i - a scroll of blinking
 l - a scroll of immolation {unknown}
 m - 3 scrolls of identify {unknown}
 q - a scroll of holy word {unknown}
 r - a scroll of remove curse {unknown}
Potions
 d - a potion of curing
 f - a potion of haste
 g - 3 potions of magic
 h - a potion of berserk rage
 o - a potion of cure mutation
 s - 2 potions of flight
Comestibles
 c - 2 bread rations
 n - a meat ration


   Skills:
 + Level 6.3 Fighting
 + Level 6.6 Long Blades
 + Level 3.1 Armour
 + Level 3.6 Dodging
 + Level 0.4 Stealth


You had 3 spell levels left.
You didn't know any spells.

Dungeon Overview and Level Annotations

Branches:
Dungeon (1/1)

Altars:
Kikubaaqudgha
Sif Muna
Vehumet


Innate Abilities, Weirdness & Mutations

You may emit foul miasma when damaged in melee.
You are immune to rotting.
You have a pair of small antennae on your head.
You possess an exceptional clarity of mind.
You are clumsy. (Dex -2)
You are resistant to electric shocks. (rElec)


Message History

You miss something.
Unknown command.
You closely miss something. Something hits you.
* * * LOW HITPOINT WARNING * * *
The sixfirhy barely misses you.
You miss something. The sixfirhy misses you. The sixfirhy hits you.
* * * LOW HITPOINT WARNING * * *
The sixfirhy shocks you. You resist.
* * * LOW HITPOINT WARNING * * *
Something hits you.
* * * LOW HITPOINT WARNING * * *
You slash something! Trog accepts your kill.
Trog appreciates your killing of a magic user.
Reactivating autopickup.
You feel a bit more experienced. The sixfirhy misses you. x2
The sixfirhy barely misses you.
You riposte.
You closely miss the sixfirhy.
Unknown command.
The sixfirhy hits you!
You die...

###....♣♣ ♣.#{
..#....≈♣♣ ♣.###+#+###
..#...≈≈.♣♣♣♣.#........
..#..≈≈≈≈♣.♣..'.⌠......
#'#..≈≈≈≈≈≈...#...#####
..#.≈≈≈≈≈≈....#.⌠.#
[.#.≈≈≈≈≈.....#...#
..#.≈≈≈.......#'###
###...........#3@$#
..............#K__#
▓▓▓▓▓▓▓▓▓▓▓▓▓▓▓▓▓▓▓


You could see a kobold demonologist and a sixfirhy.

Vanquished Creatures
  A water elemental (D)
  A wizard (D)
  Jessica (D)
  A human (D)
  An ooze (D)
  A phantom (D)
  2 rats (D)
8 creatures vanquished.

Vanquished Creatures (others)
  2 draconian scorchers (D)
  2 yaktaurs (D)
  6 hellions (D)
10 creatures vanquished.

Grand Total: 18 creatures vanquished

Notes
Turn   | Place    | Note
-------+----------+-------------------------------------------
     0 | D        | dvd the Demonspawn Berserker began the quest for the Orb.
     0 | D        | Reached XP level 1. HP: 18/18 MP: 1/1
    88 | D        | Killed a hellion
   100 | D        | Killed a hellion
   101 | D        | Killed a hellion
   102 | D        | Killed a hellion
   128 | D        | Killed a hellion
   132 | D        | Noticed Jessica
   133 | D        | Killed a white draconian scorcher
   136 | D        | Reached ** piety under Trog
   140 | D        | Killed Jessica
   140 | D        | Gained mutation: You are immune to rotting. [demonic ancestry]
   140 | D        | Reached XP level 2. HP: 26/26 MP: 2/2
   140 | D        | Gained mutation: You may emit foul miasma when damaged in melee. [demonic ancestry]
   140 | D        | Reached XP level 3. HP: 31/31 MP: 3/3
   158 | D        | Killed a yaktaur
   203 | D        | Killed a yaktaur
   227 | D        | Reached skill level 5 in Long Blades
   232 | D        | Reached *** piety under Trog
   232 | D        | Reached skill level 5 in Fighting
   233 | D        | Killed a white draconian scorcher
   235 | D        | Killed a hellion
   319 | D        | Gained mutation: You possess an exceptional clarity of mind. [potion of mutation]
   319 | D        | Gained mutation: You have a pair of small antennae on your head. [potion of mutation]
   320 | D        | Gained mutation: You are clumsy. (Dex -2) [potion of mutation]
   320 | D        | Gained mutation: Your flesh is heat resistant. (rF+) [potion of mutation]
   321 | D        | Gained mutation: You are resistant to electric shocks. (rElec) [potion of mutation]
   321 | D        | Lost mutation: Your flesh is heat resistant. (rF+) [potion of mutation]
   337 | D        | Noticed a water elemental
   342 | D        | Killed a water elemental
   342 | D        | Reached XP level 4. HP: 33/40 MP: 4/4
   466 | D        | Found a radiant altar of Vehumet.
   466 | D        | Found a deep blue altar of Sif Muna.
   466 | D        | Found an ancient bone altar of Kikubaaqudgha.
   466 | D        | Noticed a wizard
   469 | D        | Noticed a sixfirhy
   474 | D        | Killed a wizard
   475 | D        | Slain by a sixfirhy

Skill      XL: |  1  2  3 |
---------------+----------+-----
Long Blades    | 4 6 |  6.6
Armour         | 2 3 |  3.1
Dodging        | 2 3 |  3.6
Fighting       | 4 6 |  6.3
Stealth        | |  0.4

Action                   |  1- 3 |  4- 6 || total
-------------------------+-------+-------++-------
Melee: Falchion          |    36 |     6 ||    42
Invok: Berserk           |     3 |     1 ||     4
  Use: Potion            |     6 |       ||     6
 Stab: Sleeping          |       |     1 ||     1
  Eat: Chunk             |       |     2 ||     2
Armor: Animal skin       |     8 |     1 ||     9
Dodge: Dodged            |    19 |     5 ||    24
       Rpst.: Falchion   |     5 |     1 ||     6
